Map: Overgrown Facility

Players

Cthulhu

  • Race: Zerg Zerg
  • Spawn Location: 3:00

Throwfordays

  • Race: Zerg Zerg
  • League: Bronze
  • Spawn Location: 1:00

Chummy - Winner!

  • Race: Protoss Protoss
  • Spawn Location: 9:00

kyle - Winner!

  • Race: Terran Terran
  • Spawn Location: 7:00

VOD

Have the link to the VOD?

Description

Time

  • Played on: Jan. 27, 2019, 9:31 p.m.
  • Length: 6:04
Show
View Real Time Build Order
Export as new Build Order

Cthulhu Zerg 

Build Orders: Pool First 

Get SALT Encoding   

  12  0:03  Drone  
  13  0:26  Spawning Pool  
  12  0:35  Drone  
  13  0:37  Overlord  
  13  1:13  Zergling x6  
  13  1:15  Queen  
  18  1:20  Extractor  
  17  1:27  Drone  
  18  1:48  Drone  
  19  2:00  Drone x2  
  21  2:15  Hatchery  
  17  2:43  Zergling x10  
  22  2:46  Metabolic Boost  
  22  3:08  Overlord  
  22  3:12  Extractor  
  21  3:19  Baneling Nest  
  20  3:20  Evolution Chamber  
  20  3:21  Drone  
  20  3:22  Drone x2  
  22  3:54  Drone x5  
  27  3:58  Drone x3  
  30  4:08  Baneling  
  30  4:09  Baneling x6  
  25  4:36  Zergling x6  
  28  4:43  Zergling x6, Queen  
  33  5:21  Zergling x8  
Show
View Real Time Build Order
Export as new Build Order

Throwfordays Zerg 

Build Orders: 1 Base Baneling Bust, Pool First 

Get SALT Encoding   

  12  0:03  Drone  
  13  0:09  Drone  
  14  0:18  Overlord  
  14  0:35  Spawning Pool  
  13  0:41  Drone  
  14  0:43  Drone  
  14  0:46  Drone  
  16  0:50  Extractor  
  16  0:54  Drone  
  16  1:09  Drone  
  17  1:24  Zergling x2  
  18  1:29  Queen  
  20  1:33  Drone  
  20  1:37  Zergling x2  
  22  1:51  Metabolic Boost  
  22  1:56  Overlord  
  22  2:12  Overlord  
  22  2:13  Overlord  
  22  2:34  Zergling x4  
  23  2:41  Zergling x2  
  23  2:42  Zergling x4  
  25  2:45  Pneumatized Carapace  
  25  2:47  Drone  
  26  3:12  Drone  
  27  3:13  Drone  
  27  3:15  Drone x3  
  31  3:25  Extractor  
  30  3:28  Queen  
  30  3:44  Roach Warren  
  30  3:45  Baneling Nest  
  28  3:58  Drone x3, Hatchery  
  30  4:03  Zergling x6  
  33  4:12  Evolution Chamber  
  29  4:39  Roach x5  
  39  4:58  Drone  
  40  5:01  Drone  
  41  5:18  Zergling x8  
  45  5:26  Drone  
  45  5:27  Drone  
  45  5:28  Queen  
Show
View Real Time Build Order
Export as new Build Order

Chummy Protoss - Winner!

Build Orders:  

Get SALT Encoding   

  12  0:01  Probe  
  13  0:18  Pylon  
  13  0:19  Probe  
  13  0:27  Probe  
  15  0:37  Probe  
  15  0:42  Gateway  
  16  0:55  Gateway  
  16  0:59  Probe  
  16  1:00  Assimilator  
  17  1:07  Probe  
  18  1:16  Probe  
  18  1:19  Assimilator  
  19  1:32  Cybernetics Core, Probe  
  20  1:45  Zealot, Probe  
  23  1:53  Pylon  
  23  2:07  Zealot  
  25  2:19  Pylon, Sentry  
  27  2:28  Stalker  
  27  2:49  Warp Gate  
  27  2:51  Stalker  
  28  3:09  Gateway  
  28  3:19  Probe  
  29  3:26  Zealot  
  31  3:39  Zealot  
  33  3:48  Pylon  
  33  3:52  Probe  
  34  3:58  Stalker  
  34  4:00  Sentry  
  38  4:14  Probe  
  29  4:39  Stalker x3  
  35  4:50  Probe  
  35  4:51  Stargate  
  36  5:06  Stalker x2  
  38  5:47  Stalker x3  
  44  5:57  Pylon  
Show
View Real Time Build Order
Export as new Build Order

kyle Terran - Winner!

Build Orders: 2 Factory 

Get SALT Encoding   

  12  0:00  SCV  
  13  0:13  SCV  
  14  0:20  Supply Depot  
  14  0:25  SCV  
  15  0:42  SCV  
  16  0:43  Barracks  
  16  0:50  Refinery  
  16  0:54  SCV  
  17  0:59  Refinery  
  17  1:06  SCV  
  18  1:19  SCV  
  19  1:31  Marine, Supply Depot, SCV  
  21  1:39  Factory  
  21  1:43  SCV  
  22  1:56  Marine  
  22  2:01  SCV  
  24  2:07  Factory  
  24  2:20  Marine  
  25  2:32  Factory Tech Lab  
  26  2:44  SCV  
  26  2:50  Factory Tech Lab  
  26  2:51  Siege Tank  
  30  2:53  Supply Depot  
  29  3:00  Barracks Reactor  
  29  3:01  SCV  
  30  3:15  Siege Tank  
  30  3:16  Supply Depot  
  33  3:26  Siege Tank  
  37  3:39  Orbital Command  
  36  3:41  Marine x2  
  38  3:48  Siege Tank  
  41  3:59  Marine x2  
  43  4:03  Supply Depot  
  43  4:11  Siege Tank  
  46  4:17  Marine  
  47  4:25  Marine  
  48  4:35  Marine  
  49  4:42  Marine  
  50  4:52  Marine  
  51  5:00  Marine  
  51  5:05  Siege Tank  
  55  5:11  Marine, Supply Depot, Siege Tank  
  59  5:18  Marine  
  60  5:29  Marine  
  60  5:36  Marine  
Tags
 
Add a new tag
Caveats
  • Supply blocks, unpowered buildings, or Contaminate may cause inaccurate times.
  • Supply counts are checked every 10 seconds.